 Dungeon Crawl Stone Soup version 0.18-a0-1577-gf591c28 (webtiles) character file.

1246 Duffy the Carver (level 8, -7/56 HPs)
             Began as a Formicid Gladiator on Mar 21, 2016.
             Mangled by an ogre
             ... wielding a +0 giant club
              (19 damage)
             ... on level 4 of the Dungeon.
             The game lasted 00:07:57 (5286 turns).

Duffy the Carver (Formicid Gladiator)               Turns: 5286, Time: 00:07:57

Health: -7/56      AC:  9    Str: 21    XL:     8   Next: 79%
Magic:  9/9        EV:  8    Int:  7    God:
Gold:   250        SH:  0    Dex: 13    Spells: 0 memorised, 7 levels left

rFire  . . .     SeeInvis +     a - +0 long sword
rCold  . . .     Gourm    .     w - +0 chain mail
rNeg   . . .     Faith    .     (no shield)
rPois  .         Spirit   .     (helmet unavailable)
rElec  .         Dismiss  .     (no cloak)
rCorr  .         Reflect  .     j - +0 pair of gloves
SustAt .         Harm     .     (no boots)
MR     .....                    (no amulet)
Stlth  ..........               (no ring)
                                (no ring)

@: not resistant to hostile enchantments, extremely unstealthy
A: permanent stasis, dig shafts and tunnels, four strong arms, antennae 3
a: Dig, Shaft Self


You were on level 4 of the Dungeon.
You were not hungry.

You visited 1 branch of the dungeon, and saw 4 of its levels.

You collected 250 gold pieces.


Innate Abilities, Weirdness & Mutations

You are under a permanent stasis effect.
You can dig through walls and to a lower floor.
Your four strong arms can wield two-handed weapons with a shield.
You have a pair of large antennae on your head (SInv).


   Skills:
 - Level 2.1 Fighting
 + Level 10.0 Long Blades
 - Level 2.0 Throwing
 - Level 2.6 Dodging
 - Level 2.5 Evocations


You had 7 spell levels left.
You didn't know any spells.

Inventory:

Hand Weapons
 a - a +0 long sword (weapon)
Missiles
 c - 3 throwing nets (quivered)
Armour
 j - a +0 pair of gloves (worn)
 w - a +0 chain mail (worn)
Jewellery
 v - an uncursed ring of ice
Wands
 s - a wand of paralysis (8/24)
 u - a wand of digging (3/24)
Scrolls
 g - 3 scrolls of amnesia {unknown}
 i - 2 scrolls of remove curse
 l - 2 scrolls of random uselessness {unknown}
 n - a scroll of noise {unknown}
 o - a scroll of enchant armour {unknown}
 p - 2 scrolls of recharging {unknown}
 q - a scroll of magic mapping {unknown}
 t - 2 scrolls of enchant weapon {unknown}
 y - a scroll of teleportation {unknown}
Potions
 e - a potion of curing {unknown}
 f - a potion of resistance {unknown}
 m - a potion of ambrosia {unknown}
 z - a potion of brilliance
 A - a potion of might
Books
 b - a book of Changes
Comestibles
 d - 5 bread rations
 h - 2 meat rations
 k - 2 beef jerkies
 r - a slice of pizza
 x - 4 chunks of flesh

Dungeon Overview and Level Annotations

Branches:
Dungeon (4/15)
 Temple: D:4-7

Altars:
Fedhas
Qazlal
Sif Muna
Trog
Xom
Yredelemnul


Message History

No target in view!
No target in view!
No target in view!
No target in view!
You see here 5 stones.
An ogre comes into view. It is wielding a giant club.
The ogre shouts!
You hit the ogre.
The ogre is moderately wounded.
The ogre hits you with a giant club!!
You are too injured to fight recklessly!
You are too injured to fight recklessly!
You are too injured to fight recklessly!
You are too injured to fight recklessly!
You are too injured to fight recklessly!
You are too injured to fight recklessly!
You are too injured to fight recklessly!
You are too injured to fight recklessly!
You are too injured to fight recklessly!
You are too injured to fight recklessly!
You are too injured to fight recklessly!
You are too injured to fight recklessly!
You are too injured to fight recklessly!
You are too injured to fight recklessly!
You are too injured to fight recklessly!
You are too injured to fight recklessly!
You hit the ogre.
The ogre is moderately wounded.
The ogre hits you with a giant club!
Your chain mail prevents you from hitting the ogre.
The ogre is moderately wounded.
You closely miss the ogre.
The ogre is moderately wounded.
The ogre hits you with a giant club!!
You die...

..#.......#.# #.............#.#
..#.......#.# #.#.###(#.......#.#
..#.......#.#.#.#..((.###.##..# #
..#.....[.#.#.#.#..(..#.......#.#
..#......##.#.#.#.#(..#.#....##.#
.........##.#.#....(.........<. #
#.#.....................####..# #
..#......#........#(....#####.###
.##............O@................
.##............#..#.##..#####.###
.##......###.#.#..#.##..#####.###
.##......# #.#.#..#......#.......
.##......# #.#.#..####...#.##.###
.##......# #.#.#..####...#.##.#
.##.####.# #.#.#.........#.##.#
.##.##)#.# #.#.##.####..#.....#
### #.#..# #......# #.!#^.####


You could see an ogre.

Action                   |  1- 3 |  4- 6 |  7- 9 || total
-------------------------+-------+-------+-------++-------
Melee: Long sword        |    95 |   151 |   269 ||   515
 Abil: Dig               |       |     4 |     3 ||     7
Evoke: Wand              |       |     3 |     8 ||    11
  Use: Scroll            |       |     4 |     1 ||     5
 Stab: Paralysed         |       |    14 |     4 ||    18
  Eat: Chunk             |     2 |     5 |     8 ||    15

Notes
Turn   | Place    | Note
--------------------------------------------------------------
     0 | D:1      | Duffy the Formicid Gladiator began the quest for the Orb.
     0 | D:1      | Reached XP level 1. HP: 16/16 MP: 1/1
   390 | D:1      | Reached XP level 2. HP: 22/22 MP: 2/2
   960 | D:1      | Reached skill level 4 in Long Blades
   960 | D:1      | Reached XP level 3. HP: 23/27 MP: 3/3
  1480 | D:2      | Reached XP level 4. HP: 33/33 MP: 4/4
  1628 | D:3      | Noticed Duffy's ghost (weakling DsBe)
  1684 | D:3      | Killed Duffy's ghost
  1684 | D:3      | Reached skill level 1 in Evocations
  1780 | D:3      | Reached skill level 5 in Long Blades
  1780 | D:3      | Reached XP level 5. HP: 32/38 MP: 6/6
  1993 | D:3      | Noticed Terence
  2011 | D:3      | Killed Terence
  2011 | D:3      | Reached skill level 2 in Evocations
  2206 | D:2      | Found a bloodstained altar of Trog.
  2478 | D:3      | Found a shimmering altar of Xom.
  2530 | D:3      | Reached XP level 6. HP: 44/44 MP: 7/7
  2943 | D:4      | Noticed Blork the orc
  2948 | D:4      | Noticed an orc warrior
  3237 | D:4      | Reached skill level 6 in Long Blades
  3246 | D:4      | Killed Blork the orc
  3253 | D:4      | Killed an orc warrior
  3253 | D:4      | Reached XP level 7. HP: 43/50 MP: 8/8
  3262 | D:4      | Reached skill level 7 in Long Blades
  3334 | D:4      | Found a deep blue altar of Sif Muna.
  3335 | D:4      | Found a stormy altar of Qazlal.
  3602 | D:4      | Found a basalt altar of Yredelemnul.
  3795 | D:4      | Found a blossoming altar of Fedhas.
  4354 | D:4      | Reached skill level 8 in Long Blades
  4397 | D:4      | Reached XP level 8. HP: 38/56 MP: 9/9
  4708 | D:4      | Reached skill level 9 in Long Blades
  5091 | D:4      | Reached skill level 10 in Long Blades
  5286 | D:4      | Mangled by an ogre

Vault maps used:
D:1:      lordsloth_arrival_two_stooges, minmay_misc_feat_square
D:2:      lemuel_upstairs_altar, first_bread
D:3:      xom_butterflies, uniq_terence
D:4:      minmay_goblin_kobold_castle, lemuel_zombie_altar_yredelemnul,
          gammafunk_temple_overflow_statue, minivault_25, fedhas_altar_2,
          uniq_blork_the_orc

Vanquished Creatures
  An orc warrior
  2 ogres Blork the orc
  7 big kobolds
  The ghost of Duffy the Slasher, a weakling DsBe of Trog
  An orc wizard
  A jelly
  An orc priest
  An iguana Terence
  A worker ant
  5 gnolls
  3 adders
  An ooze
  An adder skeleton
  3 worms
  4 dart slugs
  A giant gecko
  11 orcs
  A ball python
  7 bats
  7 giant cockroaches
  2 gnoll zombies
  6 goblins
  4 hobgoblins
  2 quokkas
  3 giant newts
  49 kobolds
  7 rats
135 creatures vanquished.
